 Dungeon Crawl Stone Soup version 0.27.1-33-g824d729ab1 (webtiles) character file.

Game seed: 586885169706826542

84 emnemthenerd the Slasher (level 4, -22/40 HPs)
             Began as a Hill Orc Berserker on Dec 17, 2021.
             Was a Believer of Trog.
             Killed by an exploding endoplasm (29 damage)
             ... ignited by their inner flame
             ... on level 3 of the Dungeon on Dec 18, 2021.
             The game lasted 00:11:18 (1985 turns).

emnemthenerd the Slasher (Hill Orc Berserker)       Turns: 1985, Time: 00:11:18

Health: -22/40     AC:  5    Str: 20    XL:     4   Next: 45%
Magic:  4/4        EV: 11    Int:  7    God:    Trog [**....]
Gold:   49         SH:  0    Dex: 10    Spells: 3/3 levels left

rFire    . . .     SeeInvis .   a - +0 falchion
rCold    . . .     Faith    .   (no shield)
rNeg     . . .     Spirit   .   k - +0 ring mail
rPois    .         Reflect  .   (no helmet)
rElec    .         Harm     .   (no cloak)
rCorr    .         Rampage  .   (no gloves)
Will     ++...                  (no boots)
Stlth    ..........             (no amulet)
HPRegen  1.13/turn              h - +4 ring of slaying
MPRegen  0.09/turn              (no ring)

@: strong-willed (expiring), on berserk cooldown, regenerating (expiring),
slowed, very slow
A: no striking features
a: Renounce Religion, Berserk, Trog's Hand


You were on level 3 of the Dungeon.
You worshipped Trog.
Trog was pleased with you.
You visited 1 branch of the dungeon, and saw 3 of its levels.

You collected 49 gold pieces.

Inventory:

Hand Weapons
 a - a +0 falchion (weapon)
Armour
 b - a +0 animal skin
 k - a +0 ring mail (worn)
Jewellery
 h - a +4 ring of slaying (left hand)
Wands
 f - a wand of iceblast (11) (quivered)
Scrolls
 j - a scroll of holy word
Potions
 d - a potion of berserk rage {unknown}
 g - a potion of haste {unknown}
 i - a potion of attraction {unknown}
 l - a potion of brilliance {unknown}


   Skills:
 + Level 4.3 Fighting
 + Level 4.6 Long Blades
 + Level 2.3 Armour
 + Level 2.1 Dodging
 + Level 0.1 Stealth


You had 3 spell levels left.
You didn't know any spells.
Your spell library contained the following spells:

 Spells                   Type           Power      Damage    Failure   Level
 Slow                     Hex            0%         N/A       75%         2
 Confusing Touch          Hex            0%         N/A       93%         3
 Stone Arrow              Conj/Erth      0%         3d7       93%         3
 Vampiric Draining        Necr           0%         2d6       93%         3
 Animate Armour           Summ/Erth      0%         N/A       100%        4
 Lehudib's Crystal Spear  Conj/Erth      0%         10d2      100%        8


Dungeon Overview and Level Annotations

Branches:
Dungeon (3/15)

Altars:


Message History

The orc wizard hits you but does no damage.
The worm bites you!
* * * LOW HITPOINT WARNING * * *
As you read the scroll labelled ACWOTI VUSA, it crumbles to dust.
The creatures around you are filled with an inner flame!
It was a scroll of immolation.
The orc wizard gestures at you while chanting.
The puff of flame misses you. The worm bites you.
* * * LOW HITPOINT WARNING * * *
The orc wizard casts a spell at you.
The magic dart hits you but does no damage.
As you read the scroll of fog, it crumbles to dust.
The scroll dissolves into smoke.
The orc wizard gestures at you while chanting.
The magic dart hits you.
* * * LOW HITPOINT WARNING * * *
The worm barely misses you.
You riposte.
You barely miss the worm.
The orc wizard hits you but does no damage.
The orc wizard casts a spell.
The orc wizard flickers and vanishes!
You hear some strange, mumbled words.
A puff of flame appears from out of thin air!
The puff of flame misses you.
A puff of flame appears from out of thin air!
The puff of flame hits you.
* * * LOW HITPOINT WARNING * * *
A goblin comes into view. It is wielding a +0 dagger.
A puff of flame appears from out of thin air!
The puff of flame hits you.
* * * LOW HITPOINT WARNING * * *
There are monsters nearby!
There are monsters nearby!
You feel the effects of Trog's Hand fading.
The goblin shouts!
You slash the endoplasm! Trog accepts your kill.
The endoplasm explodes!
The fiery explosion engulfs you!!
Ouch! That really hurt!
You die...

###.### #.....# #.#.#.#
###################...#.###
..........#.......#####.#..
#########.#.............#.#
#....†).........#####....
####........######.#.....#..
......g...§@# #.#.#......
##.......§§# #.#.#.#.#..
##.###.##§.######.#.#.#.#..
......§§§{§...........<.....
###...##§S...#######.##.####
#.#. #§###.# ... ... #. .
#§# §# ###. #.### #. .♣
#w§§S§... .# . ♣P {####.##.
.#


You could see a goblin and a ball python (inner flame).

Vanquished Creatures
  2 adders (D:2)
  3 dart slugs (D:1)
  An orc (D:3)
  4 ball pythons
  8 endoplasms
  A giant cockroach (D:1)
  2 goblins (D:2)
  7 hobgoblins
  7 kobolds
  4 quokkas
  7 bats
  5 frilled lizards
  3 rats
54 creatures vanquished.

Vanquished Creatures (others)
  3 withered plants (D:3)
3 creatures vanquished.

Grand Total: 57 creatures vanquished

Notes
Turn   | Place    | Note
-------+----------+-------------------------------------------
     0 | D:1      | emnemthenerd the Hill Orc Berserker began the quest for the
                  | Orb.
     0 | D:1      | Reached XP level 1. HP: 19/19 MP: 1/1
   218 | D:1      | Reached XP level 2. HP: 26/27 MP: 2/2
   658 | D:1      | Reached XP level 3. HP: 33/33 MP: 3/3
   664 | D:1      | Reached ** piety under Trog
  1478 | D:2      | Reached XP level 4. HP: 40/40 MP: 4/4
  1985 | D:3      | Killed by an exploding endoplasm... ignited by their inner
                  | flame

Illustrated notes

Levels and vault maps discovered:
D:1:      nzn_arrival_crosshair, layout_loops_ring
D:2:      layout_loops_cross, chequers_serial_rivers_micro_d, st_stairs_11
D:3:      layout_basic, ebering_ecumenical_altar_petrified, serial_shops,
          nicolae_diamond_shop

Skill      XL: |  1  2  3 |
---------------+----------+-----
Fighting       | 4 |  4.3
Dodging        | 2 |  2.1
Long Blades    | 4 |  4.6
Armour         | |  2.3
Stealth        | |  0.1

Action                   |  1- 3 |  4- 6 || total
-------------------------+-------+-------++-------
Melee: Falchion          |    95 |    32 ||   127
Invok: Berserk           |       |     1 ||     1
       Trog's Hand       |       |     1 ||     1
Evoke: Wand              |     2 |       ||     2
  Use: Scroll            |     2 |     2 ||     4
       Potion            |       |     1 ||     1
Armor: Animal skin       |    14 |       ||    14
       Ring mail         |       |    16 ||    16
Dodge: Dodged            |    80 |    20 ||   100
       Rpst.: Falchion   |    26 |     5 ||    31
